 Dungeon Crawl Stone Soup version 0.27-a0-972-gd1521fd518 (webtiles) character file.

Game seed: 3086359086982768087

201 Patience the Skirmisher (level 5, -2/50 HPs)
             Began as a Minotaur Fighter on Apr 14, 2021.
             Slain by an ogre
             ... wielding a +0 giant club
              (18 damage)
             ... on level 4 of the Dungeon.
             The game lasted 00:04:21 (3721 turns).

Patience the Skirmisher (Minotaur Fighter)          Turns: 3721, Time: 00:04:22

Health: -2/50      AC: 10    Str: 21    XL:     5   Next: 50%
Magic:  0/4        EV:  9    Int:  5    God:
Gold:   131        SH:  9    Dex: 10    Spells: 4/4 levels left

rFire    + . .     SeeInvis .   a - +0 long sword
rCold    + . .     Faith    .   c - +0 kite shield
rNeg     . . .     Spirit   +   l - +0 chain mail
rPois    +         Reflect  .   (helmet restricted)
rElec    +         Harm     .   (no cloak)
rCorr    +         Rampage  .   h - +0 pair of gloves
Will     .....                  (no boots)
Stlth    ..........             m - amulet of guardian spirit
HPRegen  0.16/turn              e - +4 ring of evasion
MPRegen  0.09/turn              (no ring)

@: resistant, attractive
A: horns 2, retaliatory headbutt
a: no special abilities


You were on level 4 of the Dungeon.
You visited 1 branch of the dungeon, and saw 4 of its levels.

You collected 131 gold pieces.

Inventory:

Hand Weapons
 a - a +0 long sword (weapon)
Missiles
 n - 8 javelins (quivered)
Armour
 c - a +0 kite shield (worn)
 h - a +0 pair of gloves (worn)
 l - a +0 chain mail (worn)
Jewellery
 e - a +4 ring of evasion (left hand)
 g - a ring of fire
 m - an amulet of guardian spirit (around neck)
Scrolls
 b - 3 scrolls of identify {unknown}
 f - 3 scrolls of teleportation {unknown}
 k - a scroll of fear {unknown}
Potions
 d - a potion of might


   Skills:
 + Level 6.3 Fighting
 * Level 3.5(3.9) Short Blades
 - Level 2.4(3.5) Long Blades
 - Level 3.6 Armour
 - Level 3.6 Shields


You had 4 spell levels left.
You didn't know any spells.
Your spell library contained the following spells:

 Spells                   Type           Power      Damage    Failure   Level
 Freeze                   Ice            0%         1d3       100%        1
 Frozen Ramparts          Ice            0%         1d2       100%        3
 Ozocubu's Armour         Ice            0%         N/A       100%        3
 Hailstorm                Conj/Ice       0%         3d3       100%        4
 Metabolic Englaciation   Hex/Ice        0%         N/A       100%        5


Dungeon Overview and Level Annotations

Branches:
Dungeon (4/15)
 Temple: D:4-7

Altars:
Cheibriados


Innate Abilities, Weirdness & Mutations

You have a pair of horns on your head.
You reflexively headbutt those who attack you in melee.


Message History

The ogre closely misses you. You furiously retaliate!
You headbutt the ogre.
The black bear bites you but does no damage.
The black bear claws you but does no damage.
The black bear barely misses you. You block the goblin's attack.
The black bear barely misses you.
The black bear claws you but does no damage. x2
You closely miss the black bear.
The black bear is heavily wounded.
The ogre hits you with a +0 giant club! You block the goblin's attack.
The black bear bites you but does no damage.
The black bear barely misses you. x2; The goblin barely misses you.
You riposte.
You slash the goblin!
You kill the goblin!
The ogre hits you with a +0 giant club!!
* * * LOW HITPOINT WARNING * * *
You are too injured to fight recklessly!
There are monsters nearby!
An orc wizard comes into view. It is wielding a +0 dagger.
Found a scroll labelled LUOROC JYOFO.
An orc comes into view. It is wielding a +0 dagger.
The orc shouts!
You hear a shout!
An orc comes into view. It is wielding a +0 whip.
An orc comes into view. It is wielding a +0 hand axe.
The orc shouts!
The orc wizard points at you and mumbles some strange words.
You are confused.
It was a potion of attraction.
You feel attractive to monsters. The ogre barely misses you.
The black bear is pulled toward you! The orc is pulled toward you! x3
It was a potion of resistance.
You feel protected.
An orc comes into view. It is wielding a +0 short sword.
The ogre misses you. The orc wizard is pulled toward you!
The orc is pulled toward you! x2
It was a potion of curing.
You feel better.
The orc shouts!
You block the orc wizard's attack.
The ogre hits you with a +0 giant club!!
You die...

.##.........
...>.......#
#..........###
#...........[##
#........<....###
#.....)......<..#
........>..##..##
#......##..###h#
....... #...@#.##
#...... ##..oOoh#
###.... #...oo.#
##..#.........o.#
#..#...##.##......
#... #.. .#.##.
.... ... .#...
.... ?.#. .##..#
.. .o


You could see a black bear, an ogre, an orc wizard and 4 orcs.

Vanquished Creatures
  2 orc priests (D:3)
  Robin (D:2)
  3 gnolls (D:3)
  2 adders (D:3)
  A worm (D:3)
  A dart slug (D:2)
  7 orcs (D:3)
  6 bats
  4 endoplasms
  2 giant cockroaches (D:3)
  14 goblins
  9 hobgoblins
  4 jackals (D:1)
  2 quokkas
  A ball python (D:4)
  A frilled lizard (D:1)
  4 kobolds
  6 rats
70 creatures vanquished.

Notes
Turn   | Place    | Note
-------+----------+-------------------------------------------
     0 | D:1      | Patience the Minotaur Fighter began the quest for the Orb.
     0 | D:1      | Reached XP level 1. HP: 19/19 MP: 0/0
   291 | D:1      | Reached skill level 4 in Fighting
   292 | D:1      | Reached skill level 1 in Short Blades
   324 | D:1      | Reached XP level 2. HP: 23/27 MP: 1/1
   475 | D:1      | Found a faded altar of an unknown god.
  1335 | D:2      | Reached XP level 3. HP: 25/33 MP: 2/2
  1521 | D:2      | Noticed Robin
  1531 | D:2      | Killed Robin
  1766 | D:2      | Reached skill level 5 in Fighting
  2252 | D:3      | Reached XP level 4. HP: 33/42 MP: 3/3
  2634 | D:3      | Reached XP level 5. HP: 42/50 MP: 4/4
  2870 | D:3      | Reached skill level 6 in Fighting
  2991 | D:3      | Found a snail-covered altar of Cheibriados.
  3698 | D:4      | Noticed an ogre
  3699 | D:4      | Noticed a black bear
  3721 | D:4      | Slain by an ogre

Illustrated notes

Levels and vault maps discovered:
D:1:      mushboom_english_gardens, layout_basic,
          ebering_ecumenical_altar_abandoned, minmay_unequal
D:2:      layout_basic, uniq_robin
D:3:      layout_basic, cheibrodos_worm_habitat
D:4:      layout_rooms, kennysheep_windowed_goal, uniq_crazy_yiuf_cottage,
          uniq_duvessa

Skill      XL: |  1  2  3  4  5 |
---------------+----------------+-----
Fighting       | 4 5 6 |  6.3
Short Blades   | 1 2 3 |  3.5
Long Blades    | |  2.4
Armour         | |  3.6
Shields        | |  3.6

Action                   |  1- 3 |  4- 6 || total
-------------------------+-------+-------++-------
Melee: Long sword        |   115 |    68 ||   183
       Headbutt          |    17 |     9 ||    26
  Use: Potion            |       |     3 ||     3
Armor: Scale mail        |    48 |       ||    48
       Chain mail        |     4 |    29 ||    33
Dodge: Dodged            |    24 |    39 ||    63
Block: Kite shield       |    56 |    52 ||   108
       Rpst.: Long sword |     9 |     7 ||    16

Table legend: (Time is in decaauts)
 A = Elapsed time spent in this place.
 B = Non-inter-level travel time spent in this place.
 C = Inter-level travel time spent in this place.
 D = Time resting spent in this place.
 E = Time spent auto-exploring this place.
 F = Levels seen in this place.
 G = Mean time per level.
                   A        B        C        D        E       F      G
               +--------+--------+--------+--------+--------+-----+--------+
         Total |   3819 |   3703 |    116 |    386 |   2754 |   4 |  954.8 |
       Dungeon |   3819 |   3703 |    116 |    386 |   2754 |   4 |  954.8 |
               +--------+--------+--------+--------+--------+-----+--------+

Top non-repeatable levels by time:
     D:2: 1409 daAuts
     D:3: 1351 daAuts
     D:1: 1025 daAuts
     D:4: 32 daAuts
